 Dungeon Crawl Stone Soup version 0.30-a0-691-g754fce4c43 (webtiles) character file.

Game seed: 17644574561391729496

47 drugrobin the Sneak (level 3, 0/30 HPs)
             Began as a Demigod Delver on Jan 19, 2023.
             Slain by a gnoll
             ... wielding a +0 club
              (4 damage)
             ... on level 1 of the Dungeon.
             The game lasted 00:05:56 (1376 turns).

drugrobin the Sneak (Demigod Delver)                Turns: 1376, Time: 00:05:57

Health: 0/30       AC:  3    Str: 13    XL:     3   Next: 29%
Magic:  5/5        EV: 12    Int: 12    God:
Gold:   194        SH:  0    Dex: 19    Spells: 2/2 levels left

rFire   . . .      SeeInvis .    b - +2 dagger (freeze)
rCold   . . .      Faith    .    (no shield)
rNeg    . . .      Spirit   .    a - +0 leather armour
rPois   .          Reflect  .    (no helmet)
rElec   .          Harm     .    (no cloak)
rCorr   .          Rampage  .    (no gloves)
Will    .....                    (no boots)
Stlth   +++                      (no amulet)
HPRegen 0.25/turn                (no ring)
MPRegen 0.09/turn                (no ring)

@: no status effects
A: high MP 1, forlorn, divine attributes
a: no special abilities


You were on level 1 of the Dungeon.
You visited 1 branch of the dungeon, and saw 5 of its levels.

You collected 194 gold pieces.

Inventory:

Hand Weapons
 b - a +2 dagger of freezing (weapon)
Armour
 a - a +0 leather armour (worn)
 h - a +0 chain mail
 i - a +0 scale mail
Magical Staves
 j - a staff of cold
Wands
 f - a wand of digging (3)
Scrolls
 c - a scroll of magic mapping
 d - a scroll of fear
 k - 5 scrolls of teleportation {unknown}
 l - 3 scrolls of identify {unknown}
 o - 2 scrolls of fog
 q - a scroll of torment {unknown}
 r - a scroll of blinking {unknown}
Potions
 e - a potion of haste
 g - 3 potions of heal wounds {unknown}
 m - a potion of lignification {unknown}
 n - 2 potions of attraction {unknown}
 p - a potion of cancellation {unknown}


   Skills:
 - Level 2.6 Fighting
 - Level 1.7 Dodging
 - Level 4.5 Stealth
 + Level 3.6 Unarmed Combat


You had 2 spell levels left.
You didn't know any spells.
Your spell library was empty.

Dungeon Overview and Level Annotations

Branches:
Dungeon (5/15)
 Temple: D:4-7

Shops:
D:5 *((

Annotations:
D:3 Terence
D:5 exclusion: 2 adders


Innate Abilities, Weirdness & Mutations

You have an increased reservoir of magic. (+10% MP)
You shall have no god before yourself.
Your divine heritage dramatically boosts your attributes as you level up.


Message History

You hit the goblin. You freeze the goblin.
You kill the goblin!
You see here a +0 club.
A gnoll comes into view. It is wielding a +0 club.
The gnoll shouts!
The gnoll hits you with a +0 club.
You hit the gnoll. You freeze the gnoll.
The gnoll is moderately wounded.
The gnoll misses you.
You closely miss the gnoll.
The gnoll is moderately wounded.
The gnoll misses you.
You closely miss the gnoll.
The gnoll is moderately wounded.
The gnoll hits you with a +0 club!
You hit the gnoll but do no damage.
The gnoll is moderately wounded.
The gnoll hits you with a +0 club!
You hit the gnoll. You freeze the gnoll.
The gnoll is heavily wounded.
The gnoll hits you with a +0 club!
* * * LOW HITPOINT WARNING * * *
Unknown command.
Unknown command.
Unknown command.
Unknown command.
You closely miss the gnoll.
The gnoll is heavily wounded.
The gnoll misses you.
Unknown command.
Unknown command.
You hit the gnoll. You freeze the gnoll.
The gnoll is severely wounded.
The gnoll hits you but does no damage.
Unknown command.
Unknown command.
You barely miss the gnoll.
The gnoll is severely wounded.
The gnoll hits you with a +0 club.
You die...

#.#.......##.##.#
#)####+####..##.#
#..###.# .###.#
##.....# .
#.##### #####.#
♣. #.....# # #.#
♣#####.# # #.#
♣......### #.#
♣#.....##. #@#
#.....†... #g#
#........## #..
..........# ####
##.......##
#..#...##
#..##>## ..> ..
## ###


You could see a gnoll.

Vanquished Creatures
  An adder (D:5)
  2 dart slugs
  An orc (D:5)
  3 ball pythons
  A bat (D:1)
  An endoplasm (D:1)
  2 giant cockroaches
  5 goblins
  4 hobgoblins
  2 jackals (D:4)
  3 kobolds (D:1)
  A frilled lizard (D:1)
  3 rats (D:1)
29 creatures vanquished.

Notes
Turn   | Place    | Note
-------+----------+-------------------------------------------
     0 | D:5      | drugrobin the Demigod Delver began the quest for the Orb.
     0 | D:5      | Reached XP level 1. HP: 18/18 MP: 3/3
    16 | D:5      | Found Jiob Byp's General Store.
   276 | D:5      | Found Plog's Antique Weapon Shoppe.
   331 | D:5      | Found Deonon's Weapon Emporium.
   366 | D:5      | Reached XP level 2. HP: 5/25 MP: 4/4
   609 | D:3      | Noticed Terence
   846 | D:1      | Reached XP level 3. HP: 30/30 MP: 5/5
  1376 | D:1      | Slain by a gnoll

Illustrated notes

Levels and vault maps discovered:
D:1:      minmay_arrival_radiant_lines, layout_loops_ring, serial_forest,
          infiniplex_forest_pool, infiniplex_forest_straight_4,
          infiniplex_forest_clump_long, infiniplex_forest_straight_2,
          infiniplex_forest_lined_2, infiniplex_forest_split,
          infiniplex_forest_end_3, infiniplex_forest_pool,
          infiniplex_forest_fountain, ebering_ecumenical_altar_webs,
          minmay_misc_feat_room, minmay_fountain_box, supply_closet_lemuel
D:2:      layout_loops_corners, basic_altar
D:3:      layout_basic, minitemple, uniq_terence
D:4:      kennysheep_spiral_hall, layout_loops_cross, uniq_grinder
D:5:      layout_rooms, gammafunk_temple_overflow_wave, serial_shops,
          nicolae_shop_overgrown_old_shop, nicolae_shop_hallway_plus,
          nicolae_shop_hallway_stairs, shop_fountains

Skill      XL: |  1  2 |
---------------+-------+-----
Unarmed Combat | 2 3 |  3.6
Fighting       | |  2.6
Dodging        | |  1.7
Stealth        | |  4.5

Action                   || total
-------------------------++-------
Melee: Unarmed           ||    93
       Punch             ||     2
       Dagger            ||    23
 Stab: Sleeping          ||     6
Armor: Leather armour    ||    24
Dodge: Dodged            ||    56

Table legend: (Time is in decaauts)
 A = Elapsed time spent in this place.
 B = Non-inter-level travel time spent in this place.
 C = Inter-level travel time spent in this place.
 D = Time resting spent in this place.
 E = Time spent auto-exploring this place.
 F = Levels seen in this place.
 G = Mean time per level.
                   A        B        C        D        E       F      G
               +--------+--------+--------+--------+--------+-----+--------+
         Total |   1369 |   1369 |      0 |     82 |    870 |   5 |  273.8 |
       Dungeon |   1369 |   1369 |      0 |     82 |    870 |   5 |  273.8 |
               +--------+--------+--------+--------+--------+-----+--------+

Top non-repeatable levels by time:
     D:1: 585 daAuts
     D:5: 479 daAuts
     D:2: 143 daAuts
     D:3: 84 daAuts
     D:4: 76 daAuts
